 Dungeon Crawl Stone Soup version 0.28.0-53-g5a82cb258f (webtiles) character file.

Game seed: 3013050226169458273

141476 cbfl8 the Warrior (level 16, -14/156 (159) HPs)
             Began as a Minotaur Berserker on Aug 25, 2022.
             Was a High Priest of Trog.
             Killed by the air
             ... invoked by a spriggan air mage
              (15 damage)
             ... on level 3 of the Swamp.
             The game lasted 00:47:44 (38951 turns).

cbfl8 the Warrior (Minotaur Berserker)             Turns: 38951, Time: 00:47:46

HP:   -14/156 (159) AC: 22    Str: 25    XL:     16   Next: 78%
MP:   15/15         EV: 22    Int:  4    God:    Trog [*****.]
Gold: 1548          SH: 18    Dex: 18    Spells: 15/15 levels left

rFire   + . .      SeeInvis +   A - +0 broad axe (elec)
rCold   + . .      Faith    .   L - +0 kite shield {reflect}
rNeg    + . .      Spirit   .   f - +2 chain mail {Will+}
rPois   +          Reflect  +   y - +1 hat {Stlth+}
rElec   +          Harm     .   h - +0 cloak
rCorr   +          Rampage  .   I - +1 pair of gloves "Ginu" {rPois rN+ Stlth+}
Will    ++...                   N - +1 pair of boots
Stlth   +.........              B - amulet of reflection
HPRegen 0.36/turn               T - ring of the Hare {EV+8}
MPRegen 0.14/turn               U - ring of Namnuf {Dex+3 SInv}

@: resistant, lightly drained, invisible, very slow
A: horns 2, retaliatory headbutt
a: Renounce Religion, Berserk, Trog's Hand, Brothers in Arms


You were on level 3 of the Swamp.
You worshipped Trog.
Trog was extremely pleased with you.
You visited 4 branches of the dungeon, and saw 26 of its levels.

You collected 2051 gold pieces.
You spent 503 gold pieces at shops.

Inventory:

Hand Weapons
 A - a +0 broad axe of electrocution (weapon)
 Q - a +4 vorpal battleaxe
Missiles
 G - 3 throwing nets
Armour
 f - a +2 chain mail of willpower (worn)
 h - a +0 cloak (worn)
 y - a +1 hat of stealth (worn)
 I - the +1 pair of gloves "Ginu" (worn) {rPois rN+ Stlth+}
   (You bought it in a shop on level 7 of the Dungeon)

   rPois:     It protects you from poison.
   rN:        It protects you from negative energy.
   Stlth:     It makes you more stealthy.
 L - a +0 kite shield of reflection (worn)
 N - a +1 pair of boots (worn)
Jewellery
 l - a ring of flight
 r - a +6 ring of dexterity
 B - an amulet of reflection (around neck)
 T - the ring of the Hare (left hand) {EV+8}
   (You found it on level 12 of the Dungeon)

   [ring of evasion]

   EV:        It affects your evasion (+8).
 U - the ring of Namnuf (right hand) {Dex+3 SInv}
   (You found it on level 14 of the Dungeon)

   [ring of see invisible]

   Dex:       It affects your dexterity (+3).
   SInv:      It lets you see invisible.
 W - a ring of magical power
Wands
 v - a wand of charming (6)
 E - a wand of digging (6)
 F - a wand of acid (16) (quivered)
 J - a wand of mindburst (19)
 M - a wand of iceblast (15)
 O - a wand of polymorph (23)
 S - a wand of flame (15)
Scrolls
 a - 8 scrolls of fog
 j - 5 scrolls of enchant armour
 p - 2 scrolls of immolation
 q - a scroll of teleportation
 t - 2 scrolls of magic mapping
 u - 5 scrolls of enchant weapon
 x - 3 scrolls of noise
 C - 4 scrolls of fear
 V - a scroll of holy word
 Y - a scroll of silence
Potions
 d - a potion of ambrosia {unknown}
 e - 5 potions of magic {unknown}
 g - 3 potions of might
 i - 6 potions of degeneration {unknown}
 n - 2 potions of invisibility
 o - 4 potions of berserk rage
 s - 7 potions of attraction
 w - 5 potions of flight {unknown}
 z - a potion of lignification {unknown}
 D - 6 potions of haste
 H - 2 potions of mutation {unknown}
 K - a potion of cancellation {unknown}
 Z - a potion of brilliance {unknown}
Miscellaneous
 R - a tin of tremorstones (2/2)
 X - a phial of floods


   Skills:
 * Level 18.8 Fighting
 - Level 18.0 Axes
 + Level 13.1 Armour
 * Level 12.6 Dodging
 + Level 3.9 Stealth
 + Level 12.2 Shields
 * Level 11.0 Evocations


You had 15 spell levels left.
You didn't know any spells.
Your spell library was empty.

Dungeon Overview and Level Annotations

Branches:
Dungeon (15/15)            Temple (0/1) D:7            Lair (6/6) D:10
  Swamp (3/4) Lair:3        Snake (0/4) Lair:4        Slime (0/5) Lair:6
    Orc (2/2) D:11            Elf (0/3) Orc:2        Vaults (0/5) D:13
 Depths (0/4) D:15

Altars:
Ashenzari
Dithmenos
Nemelex Xobeh
Beogh

Shops:
D:7 [   D:14 *   Orc:1 (   Orc:2 *!?(

Annotations:
D:15 exclusion: obsidian statue
Lair:6 exclusion: 5 oklob plants


Innate Abilities, Weirdness & Mutations

You have a pair of horns on your head.
You reflexively headbutt those who attack you in melee.


Message History

* * * LOW HITPOINT WARNING * * *
As you read the scroll of teleportation, it crumbles to dust.
You feel strangely unstable.
The spriggan air mage hits you with a +0 dagger!
* * * LOW HITPOINT WARNING * * *
The spriggan air mage waves its arms in wide circles.
The air twists around and strikes you!
* * * LOW HITPOINT WARNING * * *
Your surroundings suddenly seem different.
Splash!
Found a robe.
Found a stone staircase leading up.
The swamp worm seems to regain its courage.
You block the swamp worm's attack. x2
As you read the scroll of fear, it crumbles to dust.
You assume a fearsome visage.
The swamp worm looks frightened!
You feel better.
A swamp worm comes into view.
The spriggan air mage waves its arms in wide circles.
The air twists around and strikes you.
* * * LOW HITPOINT WARNING * * *
You enter the shallow water.
Moving in this stuff is going to be slow. ...and don't expect to remain undetected.
The swamp worm fires a harpoon shot at you.
The harpoon shot misses you.
The spriggan air mage waves its arms in wide circles.
The air twists around and strikes you!!
* * * LOW HITPOINT WARNING * * *
You feel better.
You feel protected.
The spriggan air mage waves its arms in wide circles.
The air twists around and strikes you!
* * * LOW HITPOINT WARNING * * *
You fade further into invisibility.
The swamp worm fires a harpoon shot at you.
Your +0 kite shield of reflection reflects the harpoon shot!
The harpoon shot hits the swamp worm!!
The spriggan air mage waves its arms in wide circles.
The air twists around and strikes you!
You die...

♣≈ ♣≈♣ ♣≈.♣ ≈≈.
♣≈..♣♣ ♣♣.≈≈
♣≈♣≈.♣♣ ♣...≈≈
♣.w≈[.♣♣♣.≈≈≈≈≈
♣<≈♣≈...≈≈≈...≈
♣≈≈@§.≈≈≈≈≈≈≈≈.
≈≈≈≈.≈≈♣♣.≈i≈≈§≈≈≈.
.....≈≈≈≈≈.§≈≈≈≈≈≈≈
......≈.≈§≈≈≈≈≈≈..≈
####....#♣≈§.♣≈.≈≈.
...♣♣ ..≈≈≈≈.≈♣≈♣
.... .♣.≈≈≈#≈.≈.♣
......♣♣♣♣.≈.≈..≈≈♣
○#°♣♣..).#≈≈..♣♣


You could see a spriggan air mage (repels missiles) and a swamp worm.

Vanquished Creatures
  Saint Roka (Orc:2)
  Nikola (Swamp:2)
  Rupert (Lair:4)
  Gastronok (Lair:2)
  Agnes (D:14)
  Donald (Swamp:1)
  Roxanne (D:14)
  The ghost of Hiolai the Impaler, a journeyman MiBe of Trog (Orc:1)
  2 orc warlords (Orc:2)
  3 eleionomae
  Nessos (Orc:2)
  2 bunyips
  The ghost of Rudyous the Cleaver, a journeyman MiBe of Trog (Lair:3)
  2 dire elephants
  The ghost of Kyusiynim the Covert, a journeyman GnEn (Lair:4)
  Josephine (D:12)
  4 vault guards (D:13)
  A fire dragon (D:15)
  19 hydras
  Harold (D:7)
  A spriggan air mage (Swamp:1)
  4 boulder beetles
  3 ogre magi
  6 two-headed ogres
  2 catoblepae (Lair:6)
  3 ghost crabs
  5 centaur warriors
  4 alligators
  A deep troll shaman (Lair:6)
  19 death yaks
  2 tengu warriors (D:15)
  4 orc high priests (Orc:2)
  A fire crab (shapeshifter) (D:15)
  Sonja (Lair:4)
  2 goliath frogs
  A sea snake (shapeshifter) (D:14)
  3 skeletal warriors (D:12)
  A spectral death yak (Lair:3)
  2 bog bodies (Lair:3)
  3 spriggan druids
  2 swamp dragons
  A wizard (D:13)
  The ghost of Zeldest the Chopper, a novice DDFi of Ru (D:6)
  6 orc knights
  A deep elf pyromancer (D:15)
  The ghost of safid the Cleaver, a novice HOFi of Okawaru (D:5)
  A necromancer (Swamp:2)
  A wolf spider (D:15)
  2 will-o-the-wisps (Swamp:1)
  3 ugly things
  A salamander (shapeshifter) (D:14)
  5 orc sorcerers
  4 manticores
  9 cyclopes
  A guardian serpent (Lair:4)
  13 elephants
  6 black mambas
  4 gargoyles
  3 torpor snails
  10 cane toads
  A rime drake (Lair:1)
  A komodo dragon (shapeshifter) (D:14)
  2 yaktaurs
  A spriggan zombie (Swamp:2)
  11 komodo dragons
  An efreet (D:12)
  2 yaktaurs (shapeshifter)
  A tengu conjurer (D:15)
  The ghost of safid the Digger, a novice GrEE of Vehumet (D:4)
  8 trolls
  6 polar bears
  A merfolk (D:15)
  9 tyrant leeches
  2 hornets
  15 blink frogs
  A shadow (D:5)
  6 wyverns
  4 spriggans
  4 wraiths
  A vampire (D:13)
  2 spriggan skeletons (Swamp:2)
  5 basilisks
  39 yaks
  Grum (D:8)
  A death yak simulacrum (Lair:3)
  10 vampire mosquitoes
  7 swamp worms
  2 acid dragons
  23 water moccasins
  A meliai simulacrum (D:15)
  47 orc warriors
  A spectral torpor snail (Lair:3)
  3 ice beasts
  A black bear (Lair:5)
  5 swamp drakes
  5 necrophages (Lair:2)
  12 ogres
  4 sky beasts
  22 wolves
  5 centaurs
  3 kobold brigands
  17 bullfrogs
  6 gnoll sergeants
  2 scorpions (D:4)
  A water moccasin zombie (D:5)
  6 killer bees
  A water moccasin skeleton (D:5)
  A dream sheep simulacrum (Lair:3)
  3 wights (D:10)
  A howler monkey (D:9)
  3 electric eels
  2 quasits (D:4)
  4 centaur zombies
  12 hounds
  Crazy Yiuf (D:2)
  31 orc priests
  2 bullfrog skeletons
  4 gnoll shamans
  2 jellies
  A centaur skeleton (D:7)
  2 iguanas
  Terence (D:2)
  Natasha (twice) (D:2)
  22 orc wizards
  A howler monkey skeleton (D:5)
  8 adders
  28 gnolls
  11 river rats
  A shadow imp (D:4)
  5 white imps
  An ufetubus (D:6)
  An adder skeleton (D:4)
  A worm (D:2)
  2 dart slugs (D:1)
  119 orcs
  14 ball pythons
  3 bats
  6 endoplasms
  2 giant cockroaches (D:1)
  7 goblins
  5 hobgoblins
  7 jackals
  5 quokkas
  23 kobolds
  17 rats
  A butterfly (D:7)
861 creatures vanquished.

Vanquished Creatures (others)
  2 spriggans (Swamp:3)
  2 chaos spawn (D:15)
  An orc wizard (D:10)
  2 shadow imps (D:15)
  2 white imps (D:15)
  24 foxfires
  33 fungi
  40 plants
  2 withered plants (D:5)
108 creatures vanquished.

Grand Total: 969 creatures vanquished

Notes
Turn   | Place    | Note
-------+----------+-------------------------------------------
     0 | D:1      | cbfl8 the Minotaur Berserker began the quest for the Orb.
     0 | D:1      | Reached XP level 1. HP: 19/19 MP: 0/0
    51 | D:1      | Reached XP level 2. HP: 27/27 MP: 1/1
   618 | D:2      | Reached XP level 3. HP: 16/34 MP: 2/2
  1351 | D:2      | Found a sparkling altar of Nemelex Xobeh.
  1381 | D:2      | Found a runed translucent door.
  1382 | D:2      | Noticed Crazy Yiuf
  1593 | D:2      | Reached ** piety under Trog
  1650 | D:2      | Noticed Natasha
  1661 | D:2      | Reached XP level 4. HP: 36/41 MP: 3/3
  1663 | D:2      | Killed Natasha
  1664 | D:2      | Reached skill level 5 in Axes
  1769 | D:2      | Noticed Terence
  1778 | D:2      | Killed Terence
  1835 | D:2      | Noticed Natasha
  1841 | D:2      | Killed Natasha
  1842 | D:2      | Reached XP level 5. HP: 47/47 MP: 4/4
  1955 | D:2      | Killed Crazy Yiuf
  1956 | D:2      | Reached skill level 5 in Fighting
  2230 | D:3      | Found a faded altar of an unknown god.
  2301 | D:3      | Reached skill level 1 in Evocations
  2516 | D:3      | Reached XP level 6. HP: 56/56 MP: 5/5
  2880 | D:4      | Reached XP level 7. HP: 16/61 MP: 6/6
  3525 | D:4      | Found a transporter.
  3533 | D:4      | Noticed safid's ghost (novice GrEE)
  3545 | D:4      | Found a transporter.
  3617 | D:5      | Entered Level 5 of the Dungeon
  4040 | D:5      | Noticed a shadow
  4048 | D:5      | Killed a shadow
  4049 | D:5      | Reached XP level 8. HP: 63/70 MP: 7/7
  4381 | D:5      | Reached *** piety under Trog
  4427 | D:5      | Found a runed translucent door.
  4430 | D:5      | Noticed safid's ghost (novice HOFi)
  4591 | D:5      | Found a broken altar of Ashenzari.
  4755 | D:5      | Reached skill level 5 in Armour
  5050 | D:6      | Found a runed translucent door.
  5051 | D:6      | Noticed Zeldest's ghost (novice DDFi)
  5134 | D:6      | Reached skill level 10 in Axes
  5236 | D:6      | Reached XP level 9. HP: 79/79 MP: 8/8
  5548 | D:6      | Reached skill level 5 in Dodging
  6003 | D:6      | Found a runed translucent door.
  6079 | D:6      | Noticed a manticore
  6085 | D:6      | Killed a manticore
  6598 | D:5      | Reached **** piety under Trog
  6819 | D:5      | Killed safid's ghost
  6940 | D:4      | Killed safid's ghost
  6941 | D:4      | Reached XP level 10. HP: 77/88 MP: 9/9
  7179 | D:6      | Killed Zeldest's ghost
  7180 | D:6      | Reached skill level 1 in Stealth
  7588 | D:7      | Noticed Harold
  7599 | D:7      | Killed Harold
  8205 | D:7      | Found Ajafufiun's Armour Emporium.
  8214 | D:7      | Identified the +0 robe "Hiziqi" {Will+ Int+6 Slay+3}
  8313 | D:7      | Bought the +1 pair of gloves "Ginu" {rPois rN+ Stlth+} for
                  | 360 gold pieces
  8492 | D:7      | Found a staircase to the Ecumenical Temple.
  8795 | D:8      | Reached skill level 5 in Evocations
  9088 | D:8      | Reached ***** piety under Trog
  9501 | D:8      | Noticed Grum
  9504 | D:8      | Killed Grum
 10140 | D:9      | Reached XP level 11. HP: 97/97 MP: 10/10
 10371 | D:9      | Reached skill level 1 in Shields
 10624 | D:9      | Noticed a two-headed ogre
 10628 | D:9      | Killed a two-headed ogre
 10999 | D:10     | Entered Level 10 of the Dungeon
 11178 | D:10     | Received a gift from Trog
 11306 | D:10     | Found a staircase to the Lair.
 11940 | D:11     | Reached skill level 10 in Fighting
 12032 | D:11     | Noticed a two-headed ogre
 12039 | D:11     | Killed a two-headed ogre
 12040 | D:11     | Reached skill level 15 in Axes
 12214 | D:11     | Found a staircase to the Orcish Mines.
 12844 | D:11     | Noticed an ogre mage
 12851 | D:11     | Noticed a green ugly thing
 12852 | D:11     | Killed an ogre mage
 12858 | D:11     | Killed a green ugly thing
 13168 | D:11     | Reached XP level 12. HP: 74/108 MP: 11/11
 13584 | D:12     | Noticed Josephine
 13596 | D:12     | Killed Josephine
 14575 | D:12     | Noticed a six-headed hydra
 14583 | D:12     | Killed a six-headed hydra
 14985 | D:12     | Found the ring of the Hare {EV+8}
 15270 | D:13     | Noticed a vault guard
 15319 | D:13     | Killed a vault guard
 15360 | D:13     | Noticed a vault guard
 15371 | D:13     | Noticed a centaur warrior
 15386 | D:13     | Killed a centaur warrior
 15451 | D:13     | Noticed a centaur warrior
 15457 | D:13     | Killed a centaur warrior
 15850 | D:13     | Noticed an ogre mage
 15866 | D:13     | Killed an ogre mage
 16022 | D:13     | You are sucked into a shaft and drop 2 floors!
 16022 | D:15     | Entered Level 15 of the Dungeon
 16383 | D:15     | Found a staircase to the Depths.
 16383 | D:15     | Noticed a dire elephant
 16383 | D:15     | Noticed a six-headed hydra
 16731 | D:15     | Noticed a rakshasa
 16793 | D:15     | Noticed a fire dragon
 16794 | D:15     | Noticed a tengu warrior
 16797 | D:15     | Reached XP level 13. HP: 118/118 MP: 12/12
 16802 | D:15     | Killed a fire dragon
 17513 | D:13     | Received a gift from Trog
 17881 | D:13     | Found a gate to the Vaults.
 18068 | D:14     | Identified the ring of Namnuf {Dex+3 SInv}
 18148 | D:14     | Found Yrysozosunk's Fire Supplies.
 18190 | D:14     | Found a shadowy altar of Dithmenos.
 18206 | D:14     | Reached skill level 10 in Armour
 18847 | D:14     | Noticed Agnes
 18859 | D:14     | Killed Agnes
 18860 | D:14     | Reached skill level 5 in Shields
 19017 | D:14     | Identified Roxanne's Compendium of Changing
 19017 | D:14     | Noticed Roxanne
 19393 | D:14     | Killed Roxanne
 19689 | D:15     | Killed a dire elephant
 21399 | Lair:1   | Entered Level 1 of the Lair of Beasts
 21411 | Lair:1   | Reached skill level 10 in Dodging
 21650 | Lair:1   | Reached XP level 14. HP: 108/129 MP: 13/13
 22170 | Lair:2   | Noticed Gastronok
 22182 | Lair:2   | Killed Gastronok
 23752 | Lair:3   | Found a staircase to the Swamp.
 24227 | Lair:3   | Found a runed translucent gate.
 24228 | Lair:3   | Found a runed translucent gate.
 24249 | Lair:3   | Found a runed translucent gate.
 24255 | Lair:3   | Noticed Rudyous's ghost (journeyman MiBe)
 24786 | Lair:3   | Received a gift from Trog
 25101 | Lair:3   | Killed Rudyous's ghost
 25102 | Lair:3   | Reached skill level 15 in Fighting
 25304 | Lair:4   | Noticed Rupert
 25314 | Lair:4   | Killed Rupert
 25452 | Lair:4   | Found a staircase to the Snake Pit.
 25543 | Lair:4   | Noticed Sonja
 25553 | Lair:4   | Killed Sonja
 25813 | Lair:4   | Found a transporter.
 25832 | Lair:4   | Found a transporter.
 26124 | Lair:4   | Noticed Kyusiynim's ghost (journeyman GnEn)
 26291 | Lair:4   | Killed Kyusiynim's ghost
 26292 | Lair:4   | Reached XP level 15. HP: 141/141 MP: 14/14
 26687 | Lair:5   | Identified the +8 flail of the Muttering Firefly {vorpal,
                  | rN+}
 27495 | Lair:6   | Entered Level 6 of the Lair of Beasts
 29066 | Lair:6   | Reached skill level 10 in Shields
 29066 | Lair:6   | Reached skill level 10 in Evocations
 30066 | Lair:6   | Found a staircase to the Slime Pits.
 30274 | Orc:1    | Entered Level 1 of the Orcish Mines
 30347 | Orc:1    | You fall into a shaft and drop 1 floor!
 30347 | Orc:2    | Entered Level 2 of the Orcish Mines
 30347 | Orc:2    | Noticed Saint Roka
 30357 | Orc:2    | Noticed an orc warlord
 30373 | Orc:2    | Killed an orc warlord
 30875 | Orc:1    | Found a runed translucent gate.
 30876 | Orc:1    | Found a runed translucent gate.
 30877 | Orc:1    | Found a runed translucent gate.
 30881 | Orc:1    | Noticed Hiolai's ghost (journeyman MiBe)
 30935 | Orc:1    | Found Ryoruweu's Antique Weapon Shoppe.
 31403 | Orc:1    | Killed Hiolai's ghost
 31597 | Orc:2    | Noticed Nessos
 31623 | Orc:2    | Killed Nessos
 31849 | Orc:2    | Killed Saint Roka
 32344 | Orc:2    | Found Giclaw's Antique Weapon Boutique.
 32357 | Orc:2    | Reached XP level 16. HP: 136/155 MP: 15/15
 32788 | Orc:2    | Found Gishriemp's Magic Scroll Shop.
 32793 | Orc:2    | Received a gift from Trog
 32834 | Orc:2    | Bought a scroll of teleportation for 33 gold pieces
 32834 | Orc:2    | Bought a scroll of identify for 22 gold pieces
 32834 | Orc:2    | Bought a scroll of identify for 22 gold pieces
 32834 | Orc:2    | Bought a scroll of teleportation for 33 gold pieces
 32834 | Orc:2    | Bought a scroll of teleportation for 33 gold pieces
 33249 | Orc:2    | Found a staircase to the Elven Halls.
 34366 | Orc:2    | Found Nuitir Evaa's Assorted Antiques.
 34463 | Orc:2    | Found Ikhluuh's Distillery.
 34798 | Swamp:1  | Entered Level 1 of the Swamp
 34831 | Swamp:1  | Noticed Donald
 34851 | Swamp:1  | Killed Donald
 35744 | Swamp:1  | Identified the +0 leather armour of Rivvu {Dex+3}
 37241 | Swamp:2  | Received a gift from Trog
 37610 | Swamp:2  | Identified the +10 hand crossbow of Experimentation {penet,
                  | Fragile rPois Will+ Dex+4}
 37820 | Swamp:2  | Noticed Nikola
 37831 | Swamp:2  | Killed Nikola
 38948 | Swamp:3  | HP: 2/156 [spriggan air mage/the air (19)]
 38951 | Swamp:3  | Killed from afar by a spriggan air mage

Illustrated notes

Levels and vault maps discovered:
D:1:      kennysheep_arrival_seaside, layout_rooms
D:2:      layout_basic, serial_corexii_hall, corexii_hall_statues_s,
          corexii_hall_statues_s, basic_altar, uniq_crazy_yiuf_cottage,
          uniq_terence, uniq_natasha
D:3:      layout_basic, chequers_ecumenical_altar_island, nrook_mini_vaults
D:4:      minmay_opposing_rooms, layout_gridville, gammafunk_ghost_stat_death
D:5:      nicolae_cairo_tiling_very_big, layout_cave_pools,
          lemuel_coloured_pillars_altar, gammafunk_ghost_grave, corexii_shack,
          minivault_4, hangedman_abyss_or_decor_lesser_grid, chequers_avenue,
          dk_rats_in_the_wall
D:6:      layout_loops_ring, ebering_ghost_sewer_f, minmay_small_thing
D:7:      layout_basic, minmay_temple_entry_butterflies, serial_shops,
          kennysheep_mini, serial_curves, eino_curves_03, eino_curves_03,
          uniq_harold
D:8:      layout_cave_pools, serial_gnoll_camp, grums_kennel,
          gnoll_camp_mini_doghouse, gnoll_camp_huts_basic, gnoll_camp_mini_hut,
          gnoll_camp_medium_02, gnoll_camp_mini_hut, minivault_4
D:9:      layout_irregular_city
D:10:     layout_loops_ring, lair_entry_dummy, serial_rivers,
          chequers_serial_rivers_large_b, chequers_serial_rivers_micro_d,
          chequers_serial_rivers_room_a, chequers_serial_rivers_micro_d,
          chequers_serial_rivers_small_b, chequers_serial_rivers_room_a
D:11:     minmay_cornered_nines, layout_long_grid, erik_orc_4,
          minmay_misc_feat_hallway
D:12:     layout_rooms, uniq_josephine
D:13:     layout_basic, grunt_vaults_entry_fortified
D:14:     layout_small_grid, nicolae_dithmenos_shadow_blocks,
          nicolae_shop_fire_sale [nicolae_sub_dead_trees], uniq_roxanne,
          uniq_agnes
D:15:     hangedman_depths_entry_try_elsewhere_first, layout_basic, hex_medium,
          hangedman_devilish_allure
Lair:1:   layout_roguey, pond
Lair:2:   layout_chaotic_city, roderic_carrion_pond, grunt_megastairs_2,
          uniq_gastronok
Lair:3:   layout_cave_pods, skrybe_swamp_entry_bodies,
          gammafunk_ghost_necromancy
Lair:4:   layout_concentric_octagons, minmay_snake_entry_spellcaster,
          gammafunk_ghost_arena, uniq_sonja, uniq_rupert
Lair:5:   layout_small_grid, chequers_serial_rivers_small_3, serial_bayou_ford_a
Lair:6:   grunt_lair_end_beastmaster, layout_hall_layers,
          minmay_slime_entry_oklob_open, grunt_megastairs_4
Swamp:1:  layout_basic_swamp, evilmike_swamp_ruin_rubble_1, uniq_donald
Swamp:2:  layout_falls_marsh, hangedman_swamp_ruin_wall, swamp_pool2,
          grunt_hermit_hut, uniq_nikola
Swamp:3:  layout_falls_marsh, evilmike_swamp_ruin_house_6
Orc:1:    layout_caves, serial_shops, shop, ebering_ghost_rock_garden
Orc:2:    pubby_orc_utopia, serial_shops, uniq_nessos, uniq_saint_roka

Skill      XL: |  1  2  3  4  5  6  7  8  9 10 11 12 13 14 15 16 |
---------------+-------------------------------------------------+-----
Axes           | 4 5 6 7 8 10 12 13 15 17 18 | 18.0
Fighting       | 4 5 6 7 8 9 10 12 13 15 17 18 | 18.8
Evocations     | 1 2 3 4 5 6 7 8 9 10 11 | 11.0
Armour         | 3 4 5 6 7 8 9 10 11 12 13 | 13.1
Dodging        | 3 4 5 6 7 8 10 11 12 | 12.6
Stealth        | 1 2 3 |  3.9
Shields        | 2 4 6 8 10 12 | 12.2

Action                   |  1- 3 |  4- 6 |  7- 9 | 10-12 | 13-15 | 16-18 || total
-------------------------+-------+-------+-------+-------+-------+-------++-------
Melee: Hand axe          |    67 |    83 |   194 |       |       |       ||   344
       Headbutt          |     8 |    12 |    62 |   129 |   321 |    99 ||   631
       Punch             |     1 |       |     3 |     1 |       |       ||     5
       Broad axe         |       |       |    54 |   499 |  1139 |   496 ||  2188
Invok: Berserk           |     1 |     3 |     5 |    14 |    18 |     9 ||    50
Evoke: Wand              |       |       |       |    10 |     9 |    19 ||    38
  Use: Scroll            |       |     3 |     3 |    10 |     8 |    10 ||    34
       Potion            |       |     1 |     5 |       |     6 |    12 ||    24
 Stab: Paralysed         |       |       |       |       |    16 |     5 ||    21
       Distracted        |       |       |       |       |     1 |       ||     1
       Petrifying        |       |       |       |       |     2 |       ||     2
       Petrified         |       |       |       |       |     1 |       ||     1
       Sleeping          |       |       |       |       |     1 |       ||     1
Armor: Animal skin       |     3 |       |       |       |       |       ||     3
       Chain mail        |    18 |    44 |    88 |   230 |   383 |   112 ||   875
Dodge: Dodged            |    55 |    47 |   178 |   242 |   756 |   241 ||  1519
Block: Kite shield       |       |       |       |   172 |   771 |   409 ||  1352
       Reflection        |       |       |       |       |     9 |    10 ||    19
